 Dungeon Crawl Stone Soup version 0.24.0-123-gd5b16e6ec5 (webtiles) character file.

Game seed: 16246284020182728799, levelgen mode: deterministic

15073 DeadFury222 the Nimble (level 12, -10/120 HPs)
             Began as a Kobold Berserker on Jan 12, 2020.
             Was a High Priest of Trog.
             Mangled by a freezing wraith (23 damage)
             ... led by a death knight
             ... on level 11 of the Dungeon.
             The game lasted 00:48:35 (17020 turns).

DeadFury222 the Nimble (Kobold Berserker)          Turns: 17020, Time: 00:48:36

Health: -10/120    AC: 16    Str: 23    XL:     12   Next: 53%
Magic:  26/26      EV: 16    Int:  8    God:    Trog [*****.]
Gold:   858        SH:  3    Dex: 16    Spells: 11/11 levels left

rFire    . . .     SeeInvis .   m - +3 short sword (venom)
rCold    . . .     Gourm    .   (shield restricted)
rNeg     . . .     Faith    .   L - +1 plate armour
rPois    .         Spirit   .   (no helmet)
rElec    .         Reflect  +   (no cloak)
rCorr    .         Harm     .   w - +0 pair of gloves
MR       .....                  C - +0 pair of boots
Stlth    ..........             d - +3 amulet of reflection
HPRegen  0.30/turn              r - ring of magical power
MPRegen  0.20/turn              (no ring)

@: berserking, slowed, studying Shields
A: small, carnivore
a: Berserk, Trog's Hand, Brothers in Arms, Renounce Religion


You were on level 11 of the Dungeon.
You worshipped Trog.
Trog was extremely pleased with you.
You were very full.

You visited 1 branch of the dungeon, and saw 12 of its levels.
You also visited: Sewer and Ossuary.

You collected 858 gold pieces.

Inventory:

Hand Weapons
 m - a +3 short sword of venom (weapon)
 H - a +2 whip of freezing
 M - a +4 antimagic quick blade
Missiles
 B - 29 boomerangs (quivered)
Armour
 j - a +0 chain mail
 w - a +0 pair of gloves (worn)
 C - a +0 pair of boots (worn)
 L - a +1 plate armour (worn)
Jewellery
 d - a +3 amulet of reflection (around neck)
 r - a ring of magical power (left hand)
 O - a +2 ring of dexterity {unknown}
 Q - the amulet of Lexi {Gourm rElec MP+9, unknown}
   (You found it on level 12 of the Dungeon)

   [amulet of the gourmand]

   It allows you to eat raw meat even when not hungry.
   It insulates you from electricity.
   It affects your magic capacity (+9).
Wands
 q - a wand of random effects (8)
 A - a wand of flame (23)
 K - a wand of polymorph (7)
Scrolls
 b - 6 scrolls of identify
 i - 2 scrolls of magic mapping
 l - 5 scrolls of teleportation
 n - 7 scrolls of enchant armour
 o - 4 scrolls of amnesia
 p - a scroll of immolation {unknown}
 s - 6 scrolls of remove curse
 x - 3 scrolls of blinking
 y - 2 scrolls of fear
 D - a scroll of enchant weapon
 E - 5 scrolls of fog
Potions
 a - a potion of lignification {unknown}
 e - 3 potions of curing
 f - 3 potions of flight
 g - 4 potions of might
 h - 2 potions of berserk rage
 k - a potion of magic
 t - 3 potions of mutation
 u - 3 potions of agility
 v - 2 potions of brilliance
 z - 4 potions of haste
 G - a potion of cancellation {unknown}
 I - 5 potions of invisibility
 J - 2 potions of ambrosia
 N - a potion of resistance {unknown}
Books
 F - a manual of Shields
Comestibles
 c - 25 rations


   Skills:
 + Level 11.6 Fighting
 - Level 12.0 Short Blades
 + Level 5.5 Armour
 + Level 12.3 Dodging
 + Level 3.2 Shields
 + Level 7.8 Evocations


You had 11 spell levels left.
You didn't know any spells.
Your spell library was empty.

Dungeon Overview and Level Annotations

Branches:
Dungeon (12/15)            Temple (0/1) D:4            Lair (0/6) D:11
    Orc (0/2) D:10          Sewer (visited)         Ossuary (visited)

Altars:
Cheibriados
Fedhas
Gozag
Kikubaaqudgha
Makhleb
Sif Muna
Uskayaw
Yredelemnul
Zin
The Shining One
Beogh

Shops:
D:8 *

Portals:
Trove: D:10 (give 8 potions of agility)


Innate Abilities, Weirdness & Mutations

You are small and have problems with some larger weapons.
You are carnivorous and can eat meat at any time.


Message History

You hit the freezing wraith.
The freezing wraith is severely damaged.
The freezing wraith hits you but does no damage. x2
Your plate armour prevents you from hitting the freezing wraith.
The freezing wraith is severely damaged.
The freezing wraith hits you. The freezing wraith freezes you!
The freezing wraith hits you.
You hit the freezing wraith.
The freezing wraith is severely damaged.
The freezing wraith hits you. The freezing wraith freezes you!!
* * * LOW HITPOINT WARNING * * *
The freezing wraith barely misses you.
You barely miss the freezing wraith.
The freezing wraith is severely damaged.
A red film seems to cover your vision as you go berserk!
You feel yourself moving faster!
You feel mighty!
You feel quite a bit less full. The freezing wraith hits you.
* * * LOW HITPOINT WARNING * * *
The freezing wraith freezes you!!
You die...

.......#####...........# ######
.......##..'...........# #.....
.....>.##.##...........#####.....
.......'..##........(..'.........
..>....#####.......[...#####.....
.....).# #######'##### ######
......<# ##[[# #. ####'### ##.>##
##. #..# #.@## #.. #.## #W## #.#
#.# #####.######## ######'#
###'### #............###.......
......# ###..............#.......
......# #..............#.'.......
......###.#............###.......
....).#...#[...........# #.......
......'.###............# #.......


You could see a freezing wraith.

Vanquished Creatures
  A hydra (D:8)
  A vault guard (D:10)
  A two-headed ogre (D:11)
  2 unseen horrors
  Pikel (D:4)
  Joseph (D:9)
  A gargoyle (D:11)
  2 freezing wraiths (D:11)
  2 trolls
  2 hornets
  4 hippogriffs
  2 dream sheep (D:8)
  Sigmund (D:2)
  2 wraiths (D:11)
  A wyvern (D:10)
  10 yaks
  A steam dragon (D:10)
  A water moccasin (D:11)
  Duvessa (D:7)
  6 orc warriors
  3 ice beasts
  3 sky beasts
  A slave (D:5)
  2 black bears
  A necrophage (D:8)
  6 phantoms
  4 ogres
  10 centaurs
  A crocodile (D:10)
  3 big kobolds (D:8)
  8 bullfrogs
  Dowan (D:7)
  A scorpion (D:6)
  A water moccasin skeleton (D:4)
  7 wights
  5 crimson imps
  A bullfrog zombie (D:7)
  3 jellies
  7 orc priests
  7 hounds
  6 bullfrog skeletons
  17 orc wizards
  4 worker ants
  A killer bee zombie (D:9)
  A big kobold zombie (Ossuary)
  A hound skeleton (D:9)
  2 howler monkey zombies
  9 mummies
  10 gnolls
  12 adders
  An adder zombie (D:5)
  4 adder skeletons
  3 dart slugs
  6 leopard geckos
  46 orcs
  5 giant cockroaches
  A gnoll zombie (Ossuary)
  4 goblins
  3 hobgoblins
  9 jackals
  3 quokkas
  5 ball pythons
  A ball python skeleton (D:6)
  12 bats
  8 frilled lizards
  A hobgoblin zombie (Ossuary)
  12 kobolds
  2 kobold zombies (Ossuary)
  3 orc zombies (Ossuary)
  A quokka skeleton (D:6)
  8 rats
319 creatures vanquished.

Vanquished Creatures (others)
  A human (D:8)
  A worker ant (D:8)
  An adder (D:5)
  2 plants
5 creatures vanquished.

Grand Total: 324 creatures vanquished

Notes
Turn   | Place    | Note
-------+----------+-------------------------------------------
     0 | D:1      | DeadFury222 the Kobold Berserker began the quest for the
                  | Orb.
     0 | D:1      | Reached XP level 1. HP: 14/14 MP: 1/1
     0 | D:1      | Noticed a tentacled monstrosity
     1 | D:1      | Noticed an ice dragon
     5 | D:1      | Noticed a tentacled monstrosity
     7 | D:1      | Noticed a tentacled monstrosity
    10 | D:1      | Noticed an iron dragon
    12 | D:1      | Noticed a shadow dragon
    12 | D:1      | Noticed a yellow draconian
    14 | D:1      | Noticed a shadow dragon
    14 | D:1      | Noticed a large abomination
    16 | D:1      | Noticed a shadow dragon
    19 | D:1      | Noticed an ice dragon
    81 | D:1      | Reached XP level 2. HP: 16/19 MP: 2/2
   672 | D:1      | Reached XP level 3. HP: 23/23 MP: 3/3
   767 | D:1      | Found a glowing golden altar of the Shining One.
   897 | D:2      | Reached ** piety under Trog
   939 | D:2      | Noticed Sigmund
   955 | D:2      | Killed Sigmund
   955 | D:2      | Reached XP level 4. HP: 30/30 MP: 4/4
   955 | D:2      | Reached XP level 5. HP: 34/34 MP: 5/5
  1407 | D:2      | Reached XP level 6. HP: 39/39 MP: 6/6
  2228 | D:3      | Found a glowing drain.
  2232 | Sewer    | Entered a sewer
  3131 | D:3      | Found a blossoming altar of Fedhas.
  3301 | D:3      | Reached *** piety under Trog
  3404 | D:3      | Reached XP level 7. HP: 35/44 MP: 7/7
  3699 | D:3      | Reached skill level 5 in Fighting
  4638 | D:4      | Found an ancient bone altar of Kikubaaqudgha.
  4697 | D:4      | Found a staircase to the Ecumenical Temple.
  4849 | D:4      | Reached skill level 5 in Dodging
  4861 | D:4      | Found a burning altar of Makhleb.
  6242 | D:5      | Entered Level 5 of the Dungeon
  6257 | D:5      | Reached XP level 8. HP: 49/50 MP: 8/8
  6463 | D:5      | Noticed Pikel
  6555 | D:4      | Killed Pikel
  6555 | D:4      | Reached skill level 10 in Short Blades
  6768 | D:5      | Reached XP level 9. HP: 45/56 MP: 9/9
  7010 | D:5      | Found a snail-covered altar of Cheibriados.
  7017 | D:5      | Reached **** piety under Trog
  7781 | D:6      | Found a sand-covered staircase.
  7788 | Ossuary  | Entered an ossuary
  9228 | D:7      | Noticed a hippogriff
  9247 | D:7      | Killed a hippogriff
  9297 | D:7      | Noticed a hornet
  9308 | D:7      | Killed a hornet
  9343 | D:7      | Reached XP level 10. HP: 33/66 MP: 10/10
  9705 | D:7      | Noticed Duvessa
  9707 | D:7      | Noticed Dowan
  9723 | D:7      | Killed Duvessa
  9728 | D:7      | Killed Dowan
  9728 | D:7      | Reached skill level 10 in Dodging
  9868 | D:7      | Found a hide-covered altar of Uskayaw.
  9982 | D:7      | Reached skill level 1 in Evocations
 10011 | D:7      | Reached ***** piety under Trog
 10723 | D:8      | Noticed a three-headed hydra
 10732 | D:8      | Killed a three-headed hydra
 10732 | D:8      | Reached skill level 10 in Fighting
 10881 | D:8      | Found Vuehyj's Assorted Antiques.
 10903 | D:8      | Found a runed translucent door.
 10906 | D:8      | Found a basalt altar of Yredelemnul.
 11102 | D:8      | Found a shimmering blue altar of Sif Muna.
 11104 | D:8      | Found a glowing silver altar of Zin.
 11222 | D:8      | Reached XP level 11. HP: 72/72 MP: 13/13
 11472 | D:9      | Noticed Joseph
 11629 | D:9      | Killed Joseph
 11629 | D:9      | Received a gift from Trog
 12569 | D:9      | Reached skill level 5 in Evocations
 12776 | D:10     | Entered Level 10 of the Dungeon
 12943 | D:10     | Killed an unseen horror
 13229 | D:10     | Found a staircase to the Orcish Mines.
 13721 | D:10     | Received a gift from Trog
 13768 | D:10     | Found a roughly hewn altar of Beogh.
 13808 | D:10     | Found an opulent altar of Gozag.
 14003 | D:10     | Noticed a vault guard
 14037 | D:10     | Killed a vault guard
 14038 | D:10     | Found a portal to a secret trove of treasure.
 14200 | D:11     | Noticed a two-headed ogre
 14216 | D:11     | Killed a two-headed ogre
 14312 | D:11     | Reached XP level 12. HP: 68/80 MP: 16/16
 14679 | D:11     | Found a staircase to the Lair.
 14859 | D:11     | Reached skill level 5 in Armour
 15145 | D:11     | Reached skill level 1 in Shields
 15276 | D:12     | Noticed a death knight
 16437 | D:12     | Got a scorched bronze amulet
 16517 | D:12     | Killed an unseen horror
 17020 | D:11     | Mangled by a freezing wraith

Levels and vault maps discovered:
D:1:      shiori_arrival_whats_in_store_for_you, layout_basic, tso_altar
D:2:      layout_basic, uniq_sigmund
D:3:      cheibrodos_old_hovel, layout_loops_cross,
          nicolae_overflow_crystal_walls, gup_sewer_entry_bowl,
          minmay_starry_boxes
D:4:      layout_layer_cave, kiku_gazebo_pond_becter, makhleb_grotto_becter,
          temple_statues, first_ration, minmay_manual_mess
D:5:      layout_gridville, kennysheep_slug_shrine, serial_glass,
          glass_columns_a, glass_columns_a, glass_columns_a, glass_columns_c,
          minmay_strange_pillars, minmay_strange_pillars, uniq_pikel
D:6:      layout_gridville, chequers_ossuary_entry_cave
D:7:      layout_gridville, basic_altar, uniq_duvessa
D:8:      layout_basic, minitemple, serial_shops, shop, serial_undead,
          serial_undead_e, serial_undead_a, serial_undead_b, serial_undead_c,
          hangedman_ranch [blue_anna_fruit_fields], dk_yredelemnul_ordeal
D:9:      layout_long_grid, uniq_joseph
D:10:     minmay_spotlight, layout_gridville, minmay_orc_entry_temple_small,
          enter_trove_5, hangedman_decor_peaks_small, grunt_gozag_breadcrumbs
D:11:     layout_roguey, lair_entry_dummy, serial_rivers,
          chequers_serial_rivers_micro_a, chequers_serial_rivers_large_b,
          chequers_serial_rivers_micro_b, chequers_serial_rivers_micro_e
D:12:     layout_loops_cross

Skill      XL: |  1  2  3  4  5  6  7  8  9 10 11 12 |
---------------+-------------------------------------+-----
Fighting       | 4 5 6 9 10 11 | 11.6
Short Blades   | 6 7 8 10 11 12 | 12.0
Dodging        | 3 4 5 6 9 10 11 12 | 12.3
Evocations     | 3 6 7 |  7.8
Armour         | 2 4 5 |  5.5
Shields        | 3 |  3.2

Action                   |  1- 3 |  4- 6 |  7- 9 | 10-12 || total
-------------------------+-------+-------+-------+-------++-------
Melee: Short sword       |    91 |   266 |   160 |   901 ||  1418
       Dagger            |       |       |   426 |    30 ||   456
Throw: Boomerang         |       |       |    31 |    10 ||    41
Invok: Berserk           |     1 |     2 |    12 |    18 ||    33
       Trog's Hand       |     1 |       |       |       ||     1
Evoke: Wand              |       |       |     1 |     1 ||     2
  Use: Scroll            |       |     5 |     2 |    20 ||    27
       Potion            |       |       |     2 |     1 ||     3
 Stab: Distracted        |     1 |       |       |       ||     1
  Eat: Chunk             |     9 |    11 |    27 |    43 ||    90
Armor: Animal skin       |     5 |       |       |       ||     5
       Chain mail        |    16 |   106 |   115 |    19 ||   256
       Plate armour      |       |       |       |   241 ||   241
Dodge: Dodged            |    63 |   147 |   245 |   391 ||   846
Block: Other             |       |       |       |    65 ||    65
       Reflection        |       |       |       |     6 ||     6
